[ AOE2 MATCH · #505810659 ]
UnrankedJapanese vs Tupi
Player's team · WIN
Rival team · LOSS
[ REPLAY ANALYSIS · EXTRACTED FROM THE RECORDED GAME ]
Feudal
—
Castle
—
Imperial
—
| APM avg | 92.9 |
| APM peak | 97 |
| eAPM avg | 16.7 |
| Villagers / military | 16 / 0 |
Focus
⚔️ 32.6% · 🌾 67.4%
Feudal
—
Castle
—
Imperial
—
| APM avg | 53.7 |
| APM peak | 80 |
| eAPM avg | 16.4 |
| Villagers / military | 23 / 0 |
Focus
⚔️ 15.1% · 🌾 84.9%
Match map
Initial resources + every placement click. Lines = walls · curves = elevation contours. ◆ gold · ⬟ stone · ● berries · ✦ relic · ◌ wall gap
Your base
TE MS MOE's base
Smoothed initial terrain · ◌ = detected wall gap · hover for details
Inputs per minute
— twitch.tv/s0laf1d3 - - TE MS MOE
Build order — twitch.tv/s0laf1d3
23 actions detected in the replay
| 0:01 | Create | Villager (Male) ×4 |
| 0:02 | Build | House |
| 1:20 | Create | Villager (Male) |
| 1:48 | Build | Lumber Camp |
| 1:57 | Create | Villager (Male) |
| 2:24 | Create | Villager (Male) |
| 2:45 | Create | Villager (Male) |
| 3:01 | Create | Villager (Male) |
| 3:21 | Create | Villager (Male) |
| 3:46 | Create | Villager (Male) |
| 3:56 | Build | House |
| 4:25 | Build | House |
| 4:29 | Create | Villager (Male) |
| 5:01 | Build | House |
| 5:14 | Create | Villager (Male) |
| 5:31 | Build | Barracks |
| 5:32 | Build | House |
| 5:37 | Build | Palisade Wall |
| 5:39 | Create | Villager (Male) |
| 6:04 | Create | Villager (Male) |
| 6:22 | Create | Villager (Male) |
| 6:32 | Build | Palisade Wall |
| 7:00 | Build | House |
Build order — TE MS MOE
30 actions detected in the replay
| 0:03 | Create | Villager (Male) |
| 0:04 | Build | House |
| 0:05 | Build | House |
| 0:29 | Create | Villager (Male) |
| 0:33 | Create | Villager (Male) |
| 0:34 | Create | Villager (Male) |
| 1:09 | Create | Villager (Male) |
| 1:47 | Create | Villager (Male) |
| 1:47 | Create | Villager (Male) |
| 2:14 | Build | Settlement |
| 2:22 | Create | Villager (Male) |
| 2:22 | Create | Villager (Male) |
| 2:51 | Create | Villager (Male) |
| 2:51 | Create | Villager (Male) |
| 3:04 | Create | Villager (Male) |
| 3:23 | Create | Villager (Male) |
| 3:23 | Create | Villager (Male) |
| 3:23 | Create | Villager (Male) |
| 4:19 | Create | Villager (Male) |
| 4:46 | Research | Loom |
| 5:27 | Create | Villager (Male) |
| 5:27 | Create | Villager (Male) |
| 5:27 | Create | Villager (Male) |
| 5:27 | Create | Villager (Male) |
| 5:28 | Create | Villager (Male) |
| 5:28 | Create | Villager (Male) |
| 5:28 | Create | Villager (Male) |
| 6:21 | Build | House |
| 6:54 | Build | Town Center |
| 7:01 | Build | Town Center |
Match timeline
| 5:31 | twitch.tv/s0laf1d3 · first_building Barracks |
| 5:37 | twitch.tv/s0laf1d3 · wall_segment Palisade Wall x2 |
| 6:32 | twitch.tv/s0laf1d3 · wall_segment Palisade Wall x1 |
| 7:11 | TE MS MOE · resign |
[ AI ANALYSIS · 1 CREDIT ]
What really happened in this match?
Wolo.gg analyzes every decision: build order, eco, micro, common mistakes by bracket. Personalized analysis on WhatsApp or Discord in 30 seconds.
Civ guide
Japanese
Perfil
Jugador #20383862